 Dungeon Crawl Stone Soup version 0.26-b1-45-g23770d1d51 (webtiles) character file.

Game seed: 5119589122040848697

19468 radhat240 the Grappler (level 12, -13/119 HPs)
             Began as a Troll Monk on Jan 7, 2021.
             Was a High Priest of Makhleb.
             Mangled by an enormous slime creature (66 damage)
             ... on level 13 of the Dungeon.
             The game lasted 00:38:40 (10735 turns).

radhat240 the Grappler (Troll Monk)                Turns: 10735, Time: 00:38:41

Health: -13/119    AC: 21    Str: 26    XL:     12   Next: 36%
Magic:  0/11       EV: 13    Int:  4    God:    Makhleb [*****.]
Gold:   531        SH:  0    Dex: 12    Spells: 11/11 levels left

rFire    . . .     SeeInvis .     - Unarmed
rCold    . . .     Faith    .   (no shield)
rNeg     . . .     Spirit   +   w - +4 troll leather armour
rPois    .         Reflect  .   (helmet restricted)
rElec    .         Harm     .   z - scarf {repulsion}
rCorr    .         Rampage  .   (gloves unavailable)
Will     .....                  (boots unavailable)
Stlth    +.........             b - amulet of guardian spirit
HPRegen  1.09/turn              y - +4 ring of protection
MPRegen  0.12/turn              r - +4 ring of protection

@: repel missiles
A: large, unfitting armour, claws 3, horns 1, dopey 1, regeneration 1, shaggy
fur 1, tough skin 3
a: Renounce Religion, Minor Destruction, Lesser Servant of Makhleb, Major
Destruction, Greater Servant of Makhleb


You were on level 13 of the Dungeon.
You worshipped Makhleb.
Makhleb was extremely pleased with you.
You visited 2 branches of the dungeon, and saw 14 of its levels.
You also visited: Ossuary.

You collected 531 gold pieces.

Inventory:

Hand Weapons
 F - the +9 staff of Olgreb {rPois∞}
   (You found it on level 9 of the Dungeon)

   It grants immunity to poison.
Missiles
 c - 20 large rocks (quivered)
Armour
 w - a +4 troll leather armour (worn)
 z - a scarf of repulsion (worn)
Jewellery
 b - an amulet of guardian spirit (around neck)
 g - an uncursed ring of resist corrosion
 r - a +4 ring of protection (right claw)
 x - a cursed ring of teleportation {unknown}
 y - a +4 ring of protection (left claw)
 B - an uncursed ring of positive energy
 L - an uncursed ring of willpower
Wands
 a - a wand of polymorph (8)
 h - a wand of flame (5)
 j - a wand of digging (12)
 k - a wand of disintegration (14)
 n - a wand of iceblast (8)
 s - a wand of enslavement (13)
 E - a wand of random effects (13)
Scrolls
 d - 8 scrolls of immolation
 p - a scroll of identify
 q - 5 scrolls of fog
 t - 4 scrolls of magic mapping
 u - 4 scrolls of remove curse
 v - a scroll of enchant weapon
 A - a scroll of teleportation
 K - a scroll of fear
Potions
 e - 2 potions of curing
 f - 2 potions of lignification
 i - 6 potions of haste
 l - 2 potions of flight
 m - 2 potions of resistance
 o - a potion of ambrosia


   Skills:
 + Level 7.8 Fighting
 + Level 7.1 Throwing
 + Level 7.3 Armour
 + Level 7.8 Dodging
 - Level 1.0 Stealth
 * Level 12.0 Unarmed Combat


You had 11 spell levels left.
You didn't know any spells.
Your spell library contained the following spells:

 Spells                   Type           Power        Failure   Level
 Corona                   Hex            0%           54%         1
 Magic Dart               Conj           0%           54%         1
 Blink                    Tloc           N/A          67%         2
 Call Imp                 Summ           0%           67%         2
 Searing Ray              Conj           0%           67%         2
 Slow                     Hex            0%           67%         2
 Sublimation of Blood     Necr           0%           67%         2
 Conjure Flame            Conj/Fire      0%           88%         3
 Dazzling Flash           Conj/Hex       0%           88%         3
 Inner Flame              Hex/Fire       0%           88%         3
 Mephitic Cloud           Conj/Pois/Air  0%           88%         3
 Portal Projectile        Hex/Tloc       0%           88%         3
 Spider Form              Tmut/Pois      0%           88%         3
 Cause Fear               Hex            0%           99%         4
 Dispel Undead            Necr           0%           99%         4
 Fulminant Prism          Conj/Hex       0%           99%         4
 Iskenderun's Mystic Bla  Conj/Tloc      0%           99%         4
 Leda's Liquefaction      Hex/Erth       0%           99%         4
 Agony                    Necr           0%           100%        5
 Eringya's Noxious Bog    Tmut/Pois      0%           100%        6


Dungeon Overview and Level Annotations

Branches:
Dungeon (14/15)            Temple (1/1) D:7            Lair (0/6) D:9
Ossuary (visited)
    Orc: D:9-12      Vaults: D:13-14

Altars:
Ashenzari
Cheibriados
Dithmenos
Elyvilon
Fedhas
Gozag
Hepliaklqana
Kikubaaqudgha
Makhleb
Nemelex Xobeh
Okawaru
Qazlal
Ru
Sif Muna
Trog
Uskayaw
Vehumet
Wu Jian
Xom
Yredelemnul
Zin
The Shining One

Shops:
D:4 :   D:13 }=

Annotations:
D:9 1 runed translucent door
D:10 3 runed translucent doors, rrobere's ghost, journeyman TrBe


Innate Abilities, Weirdness & Mutations

You are too large for most types of armour.
You have claws for hands.
Your natural rate of healing is unusually fast.
You are covered in fur. (AC +1)
You have extremely tough skin. (AC +3)
You have a pair of small horns on your head.
You are dopey. (Int -2)


Message History

You are too injured to fight recklessly!
You are too injured to fight recklessly!
You are too injured to fight recklessly!
You are too injured to fight recklessly!
You are too injured to fight recklessly!
You are too injured to fight recklessly!
You are too injured to fight recklessly!
You are too injured to fight recklessly!
You are too injured to fight recklessly!
You barely miss the very large slime creature.
The very large slime creature is severely wounded.
Two slime creatures merge to form an enormous slime creature.
You claw the enormous slime creature! You claw the enormous slime creature.
The enormous slime creature is severely wounded.
You claw the enormous slime creature!
The enormous slime creature is severely wounded.
The enormous slime creature closely misses you.
You feel better. The enormous slime creature hits you!!!
Ouch! That really hurt!
You die...

.........#
..[......#########
†................#
†........#######.#
†........# #.#
########## #.#
################.#
........†.....##.#
.############.##@#
..# #J# ).# ...
..# #..## ∩.# #..#
(.# #.^# (.# #..#
..# #..# ((######


You could see an enormous slime creature.

Vanquished Creatures
  Erolcha (D:10)
  A centaur warrior (D:13)
  2 two-headed ogres
  Nergalle (D:11)
  An unseen horror (D:13)
  A wolf spider zombie (D:14)
  3 ugly things (D:13)
  A cyclops (D:11)
  A manticore (D:13)
  Maurice (D:8)
  A komodo dragon (D:9)
  An efreet (D:9)
  A freezing wraith (D:13)
  5 trolls
  A hornet (D:9)
  Grinder (D:3)
  A slime creature (D:13)
  Prince Ribbit (D:6)
  9 yaks
  Sigmund (D:4)
  2 vampires
  2 wyverns
  Grum (D:8)
  Eustachio (D:4)
  A steam dragon (D:10)
  Edmund (D:4)
  An acid dragon (D:14)
  Duvessa (D:5)
  3 soldier ants (D:9)
  A water moccasin (D:9)
  3 orc warriors
  3 ice beasts
  3 sky beasts
  A necrophage (D:10)
  5 ogres
  3 wolves (D:8)
  2 phantoms
  9 centaurs
  Blork the orc (D:4)
  6 bullfrogs
  A gnoll sergeant (D:7)
  Dowan (D:5)
  3 scorpions
  31 killer bees
  12 wights
  2 howler monkeys (D:10)
  The ghost of axecop the Magician, a weakling DEWz (D:3)
  7 centaur zombies
  5 hounds
  3 jellies
  4 orc priests
  5 orc wizards
  5 iguanas
  2 centaur skeletons
  16 worker ants
  A hound skeleton (D:10)
  4 mummies (Ossuary)
  7 gnolls
  2 worker ant zombies
  A howler monkey skeleton (D:6)
  12 adders
  3 shadow imps
  2 white imps
  An ufetubus (D:9)
  2 oozes (D:1)
  4 adder skeletons
  A worm (D:4)
  2 dart slugs
  5 leopard geckos
  30 orcs
  3 ball pythons
  7 giant cockroaches
  A gnoll zombie (Ossuary)
  4 goblins
  6 hobgoblins
  13 jackals
  4 quokkas
  7 bats
  4 frilled lizards
  A goblin zombie (Ossuary)
  4 kobolds
  2 kobold zombies (Ossuary)
  A leopard gecko skeleton (D:6)
  3 orc zombies (Ossuary)
  A quokka zombie (D:6)
  3 rats
324 creatures vanquished.

Notes
Turn   | Place    | Note
-------+----------+-------------------------------------------
     0 | D:1      | radhat240 the Troll Monk began the quest for the Orb.
     0 | D:1      | Reached XP level 1. HP: 22/22 MP: 0/0
    32 | D:1      | Reached XP level 2. HP: 29/29 MP: 1/1
   866 | D:2      | Reached XP level 3. HP: 36/36 MP: 2/2
   931 | D:2      | Found a radiant altar of Vehumet.
   992 | D:2      | Reached skill level 1 in Armour
  1427 | D:3      | Found a runed translucent gate.
  1427 | D:3      | Found a runed translucent gate.
  1427 | D:3      | Found a runed translucent gate.
  1428 | D:3      | Noticed axecop's ghost (weakling DEWz)
  1461 | D:3      | Killed axecop's ghost
  1462 | D:3      | Reached XP level 4. HP: 33/44 MP: 3/3
  1510 | D:3      | Gained mutation: You are dopey. (Int -2) [potion of
                  | mutation]
  1510 | D:3      | Gained mutation: You have a pair of small horns on your
                  | head. [potion of mutation]
  1944 | D:3      | Noticed Grinder
  1997 | D:3      | Paralysed by Grinder for 7 turns
  2020 | D:3      | Killed Grinder
  2021 | D:3      | Reached skill level 4 in Unarmed Combat
  2021 | D:3      | Reached XP level 5. HP: 33/53 MP: 4/4
  2021 | D:3      | Reached XP level 6. HP: 38/61 MP: 5/5
  2449 | D:4      | Noticed Blork the orc
  2453 | D:4      | Noticed Eustachio
  2465 | D:4      | Killed Blork the orc
  2482 | D:4      | Killed Eustachio
  2483 | D:4      | Reached XP level 7. HP: 33/70 MP: 3/6
  2596 | D:4      | Found Zorphuh's Book Boutique.
  2650 | D:4      | Noticed Sigmund
  2674 | D:4      | Killed Sigmund
  2675 | D:4      | Reached skill level 5 in Unarmed Combat
  2683 | D:4      | Noticed Edmund
  2692 | D:4      | Killed Edmund
  2693 | D:4      | Reached skill level 1 in Throwing
  2841 | D:4      | Found a glowing golden altar of the Shining One.
  3091 | D:4      | Found a bloodstained altar of Trog.
  3197 | D:4      | Reached XP level 8. HP: 79/79 MP: 7/7
  3298 | D:5      | Entered Level 5 of the Dungeon
  3430 | D:5      | Got a shimmering robe
  3470 | D:5      | Identified the +2 robe of the Loofah {Dex+4} (You found it
                  | on level 5 of the Dungeon)
  3608 | D:5      | Reached skill level 6 in Unarmed Combat
  3626 | D:5      | Noticed Duvessa
  3635 | D:5      | Noticed Dowan
  3637 | D:5      | Killed Duvessa
  3717 | D:5      | Killed Dowan
  3969 | D:5      | Identified Cigotuvi's Collected Works on Shifting Sinister
                  | Magic
  4483 | D:6      | Noticed Prince Ribbit
  4493 | D:6      | Killed Prince Ribbit
  4494 | D:6      | Reached skill level 7 in Unarmed Combat
  4546 | D:6      | Reached skill level 5 in Fighting
  4562 | D:6      | Found a blossoming altar of Fedhas.
  4622 | D:6      | Reached skill level 5 in Dodging
  4622 | D:6      | Reached XP level 9. HP: 80/88 MP: 8/8
  5232 | D:7      | Found a staircase to the Ecumenical Temple.
  5594 | D:7      | Found a bloodstained altar of Trog.
  5602 | D:7      | Reached skill level 8 in Unarmed Combat
  5708 | D:7      | Found a sand-covered staircase.
  5716 | Ossuary  | Entered an ossuary
  6264 | D:7      | Noticed a troll
  6269 | D:7      | Killed a troll
  6270 | D:7      | Reached skill level 5 in Armour
  6483 | D:8      | Noticed Grum
  6496 | D:8      | Reached XP level 10. HP: 64/98 MP: 2/9
  6524 | D:8      | Killed Grum
  6640 | D:8      | Found a glowing golden altar of the Shining One.
  6719 | D:8      | Found a snail-covered altar of Cheibriados.
  6739 | D:8      | Noticed Maurice
  6830 | Temple   | Entered the Ecumenical Temple
  6891 | Temple   | Became a worshipper of Makhleb the Destroyer
  6891 | Temple   | Reached * piety under Makhleb
  6891 | Temple   | Reached ** piety under Makhleb
  7128 | D:8      | Found a snail-covered altar of Cheibriados.
  7479 | D:8      | Killed Maurice
  7480 | D:8      | Reached skill level 9 in Unarmed Combat
  7769 | D:9      | Reached skill level 5 in Throwing
  8077 | D:9      | Found the +9 staff of Olgreb {rPois∞}
  8185 | D:9      | Reached skill level 10 in Unarmed Combat
  8361 | D:9      | Found a staircase to the Lair.
  8397 | D:9      | Reached *** piety under Makhleb
  8409 | D:9      | Found a bloodstained altar of Trog.
  8499 | D:9      | Found a runed translucent door.
  8504 | D:9      | Found a runed translucent gate.
  8504 | D:9      | Found a runed translucent gate.
  8505 | D:9      | Found a runed translucent door.
  8515 | D:9      | Found a runed translucent gate.
  8574 | D:9      | Reached XP level 11. HP: 107/107 MP: 10/10
  8797 | D:10     | Entered Level 10 of the Dungeon
  8849 | D:10     | Noticed Erolcha
  8858 | D:10     | Killed Erolcha
  8917 | D:10     | Found a runed translucent gate.
  8918 | D:10     | Found a runed translucent gate.
  8919 | D:10     | Found a runed translucent gate.
  8925 | D:10     | Noticed rrobere's ghost (journeyman TrBe)
  8944 | D:10     | Noticed a two-headed ogre
  8949 | D:10     | Reached **** piety under Makhleb
  8952 | D:10     | Killed a two-headed ogre
  9798 | D:11     | Found a broken altar of Ashenzari.
  9934 | D:11     | Noticed Nergalle
  9946 | D:11     | Killed Nergalle
  9947 | D:11     | Reached skill level 11 in Unarmed Combat
 10209 | D:11     | You fall into a shaft and drop 3 floors!
 10307 | D:13     | Noticed a green ugly thing
 10307 | D:13     | Noticed a purple ugly thing
 10307 | D:13     | Noticed a two-headed ogre
 10313 | D:13     | Killed a purple ugly thing
 10319 | D:13     | Killed a two-headed ogre
 10328 | D:13     | Killed a purple ugly thing
 10339 | D:13     | Reached XP level 12. HP: 29/118 MP: 2/11
 10343 | D:13     | Noticed a two-headed ogre
 10378 | D:13     | Reached ***** piety under Makhleb
 10416 | D:13     | Found Pazar's Jewellery Shop.
 10418 | D:13     | Noticed a centaur warrior
 10428 | D:13     | Killed a centaur warrior
 10471 | D:13     | Found Xezuh's Gadget Boutique.
 10673 | D:13     | Reached skill level 12 in Unarmed Combat
 10735 | D:13     | Mangled by an enormous slime creature

Illustrated notes

Levels and vault maps discovered:
D:1:      dpeg_arrival_stonehenge_8_columns, layout_basic,
          chequers_serial_rivers_micro_a, minmay_misc_feat_columns
D:2:      layout_loops_corners, lemuel_coloured_pillars_altar,
          kennysheep_generic_room_15
D:3:      layout_basic, ebering_ghost_rock_garden, uniq_grinder
D:4:      layout_loops_cross, lightli_temple_of_fire, serial_shops, shop,
          nicolae_tso_carved_into_rock, uniq_sigmund, uniq_blork_the_orc,
          uniq_eustachio, uniq_edmund
D:5:      layout_loops_ring, minmay_between, uniq_duvessa
D:6:      layout_layer_cave, grunt_decor_arrowhead, fedhas_altar_2,
          uniq_prince_ribbit1
D:7:      layout_basic, temple_pool_b, nicolae_ossuary_entry_plus,
          nrook_campfire, trog_butcher_becter
D:8:      layout_basic, overflow_temple_1_default, lemuel_round_altar,
          basic_altar, minmay_misc_feat_chi, amcnicky_mini_pool_small,
          uniq_maurice, uniq_grum
D:9:      minmay_the_grid_four_pointed_star_mashed
          [minmay_the_grid_triangle_9x9_wacky_v,
          minmay_the_grid_triangle_9x9_minimal,
          minmay_the_grid_triangle_9x9_negative_grid,
          minmay_the_grid_triangle_9x9_intruding_spiral,
          minmay_the_grid_prize_shrinking_boxes], layout_basic, basic_altar,
          minmay_guarded_unrand_staff_of_olgreb
D:10:     layout_gridville, gammafunk_ghost_necromancy, uniq_erolcha
D:11:     layout_stronghold, basic_altar, minmay_misc_feat_pillars,
          uniq_nergalle
D:13:     layout_basic, serial_shops, bzr_in_the_mist,
          nicolae_shop_window_shopping, shop, basic_altar,
          minmay_mirror_moons_of_madness
D:14:     layout_basic, grunt_vaults_entry_tiered, hex_intersection
Temple:   compressed_dpeg_circular_temple

Skill      XL: |  1  2  3  4  5  6  7  8  9 10 11 12 |
---------------+-------------------------------------+-----
Armour         | 1 2 3 4 5 6 7 |  7.3
Fighting       | 3 4 5 6 7 |  7.8
Dodging        | 3 4 5 6 7 |  7.8
Unarmed Combat | 4 5 7 8 10 11 12 | 12.0
Throwing       | 1 3 4 5 6 7 |  7.1
Stealth        | |  1.0

Action                   |  1- 3 |  4- 6 |  7- 9 | 10-12 || total
-------------------------+-------+-------+-------+-------++-------
Melee: Unarmed           |    92 |    83 |   387 |   561 ||  1123
       Punch             |     1 |     1 |    16 |    41 ||    59
       Headbutt          |       |    14 |    72 |   130 ||   216
Throw: Large rock        |       |       |     1 |       ||     1
  Use: Potion            |     5 |     2 |     5 |     5 ||    17
       Scroll            |     3 |     3 |    12 |     6 ||    24
 Stab: Sleeping          |     2 |     1 |     9 |       ||    12
       Distracted        |       |       |     1 |       ||     1
Armor: Robe              |    34 |    53 |    90 |       ||   177
       Skin              |     6 |    29 |    10 |    31 ||    76
       Troll leather arm |       |       |     4 |   358 ||   362
Dodge: Dodged            |    43 |    44 |   226 |   399 ||   712
Block: Other             |       |     4 |       |       ||     4
